 Dungeon Crawl Stone Soup version 0.31-a0-259-g771a54ca4b (webtiles) character file.

Game seed: 7371911027135059958

84 qw the Shooter (level 4, -7/36 HPs)
             Began as a Minotaur Hexslinger on July 13, 2023.
             Mangled by Sigmund
             ... wielding a +0 scythe
              (9 damage)
             ... on level 3 of the Dungeon.
             The game lasted 00:00:35 (1796 turns).

qw the Shooter (Minotaur Hexslinger)                Turns: 1796, Time: 00:00:35

Health: -7/36      AC:  3    Str: 12    XL:     4   Next: 23%
Magic:  4/4        EV: 12    Int: 10    God:
Gold:   140        SH:  0    Dex: 15    Spells: 4/5 levels left

rFire   . . .        Y - +1 sling (drain)
rCold   . . .        (no shield)
rNeg    . . .        c - +0 robe
rPois   .            (helmet restricted)
rElec   .            (no cloak)
rCorr   .            e - +0 pair of gloves
SInv    .            (no boots)
Will    .....        (no amulet)
Stlth   +            (no ring)
HPRegen 0.26/turn    (no ring)
MPRegen 0.09/turn

%: no passive effects
@: no status effects
A: horns 2, retaliatory headbutt
a: no special abilities


You were on level 3 of the Dungeon.
You visited 1 branch of the dungeon, and saw 3 of its levels.

You collected 140 gold pieces.


Innate Abilities, Weirdness & Mutations

You have a pair of horns on your head.
You reflexively headbutt those who attack you in melee.


   Skills:
 - Level 2.0 Fighting
 + Level 4.7 Ranged Weapons
 - Level 2.1 Dodging
 - Level 1.0 Spellcasting
 - Level 2.0 Hexes


You had 4 spell levels left.
You knew the following spells:

 Your Spells              Type           Power      Damage    Failure   Level
a - Slow                  Hex            16%        N/A       16%         1

Your spell library contained the following spells:

 Spells                   Type           Power      Damage    Failure   Level
 Inner Flame              Hex/Fire       2%         N/A       56%         3
 Portal Projectile        Hex/Tloc       4%         N/A       56%         3
 Cause Fear               Hex            2%         N/A       83%         4

Inventory:

Hand Weapons
 Y - a +1 sling of draining (weapon)
Armour
 c - a +0 robe (worn)
 e - a +0 pair of gloves (worn)
Scrolls
 a - a scroll of identify
 h - a scroll of teleportation {unknown}
 i - a scroll of silence {unknown}
Potions
 b - 2 potions of degeneration {unknown}
 d - 2 potions of heal wounds {unknown}
 f - a potion of curing {unknown}
 g - a potion of lignification {unknown}
 j - 2 potions of mutation {unknown}

Dungeon Overview and Level Annotations

Branches:
Dungeon (3/15)

Altars:

Annotations:
D:3 Sigmund


Message History

The ball python bites you but does no damage.
The ball python closely misses you.
You shoot a sling bullet.
The sling bullet closely misses the ball python.
The sling bullet hits Sigmund!
You drain Sigmund.
Sigmund is almost dead.
Sigmund says, "Look into my eyes."
Sigmund misses you. The ball python misses you.
The ball python closely misses you.
You shoot a sling bullet.
The sling bullet hits the ball python but does no damage.
The ball python is moderately wounded.
The ball python misses you. The ball python grabs you.
The ball python constricts you.
Sigmund mumbles some strange words.
Sigmund flickers and vanishes!
Deactivating autopickup; reactivate with Ctrl-A.
You shoot a sling bullet.
The sling bullet barely misses the ball python.
The ball python bites you. The ball python constricts you. Something hits you!
The ball python misses you. The ball python constricts you.
You shoot a sling bullet. The sling bullet hits the ball python.
You drain the ball python.
You kill the ball python!
Something hits you but does no damage.
You shoot a sling bullet.
The sling bullet hits the goblin but does no damage.
The goblin hits you but does no damage. Something hits you.
You shoot a sling bullet. The sling bullet hits the goblin!
You kill the goblin!
You shoot a sling bullet. The sling bullet hits the endoplasm.
You drain the endoplasm.
The endoplasm is almost dead.
Something hits you. The endoplasm misses you. The endoplasm freezes you.
You are frozen.
You shoot a sling bullet. The sling bullet hits the endoplasm!
You kill the endoplasm!
Something hits you!
You die...

##### #<..........
#...######.#########
####...#......#####....
#......................
#......................
#......................
######.................
#...(.............
#@................
#)................
.{................
...................
....................
$....................
..###.................
... #.................
................


There were no monsters in sight!

Vanquished Creatures
  Terence (D:3)
  An adder (D:2)
  A worm (D:2)
  A dart slug (D:1)
  An orc (D:2)
  4 bats
  4 endoplasms
  3 giant cockroaches
  5 goblins
  5 hobgoblins
  3 kobolds
  2 quokkas (D:1)
  5 ball pythons
  A frilled lizard (D:3)
  4 rats
41 creatures vanquished.

Notes
Turn   | Place    | Note
-------+----------+-------------------------------------------
     0 | D:1      | qw the Minotaur Hexslinger began the quest for the Orb.
     0 | D:1      | Reached XP level 1. HP: 16/16 MP: 1/1
     0 | D:1      | 0 ||| qw: Version: 0.3-a-52-g30416fa
     0 | D:1      | 0 ||| qw: Game counter: 6875
     0 | D:1      | 0 ||| qw: Melee chars always use a shield: true
     0 | D:1      | 0 ||| qw: God list: Okawaru
     0 | D:1      | 0 ||| qw: Allow faded altars: false
     0 | D:1      | 0 ||| qw: Do Orc after clearing Dungeon:15 true
     0 | D:1      | 0 ||| qw: Do second Lair branch before Depths: true
     0 | D:1      | 0 ||| qw: Lair rune preference: random
     0 | D:1      | 0 ||| qw: Goals: Normal
     0 | D:1      | 0 ||| PLANNING D:1-11
    61 | D:1      | Reached skill level 3 in Ranged Weapons
    61 | D:1      | Reached XP level 2. HP: 16/23 MP: 2/2
   201 | D:1      | HP: 2/23 [quokka (5)]
   377 | D:1      | Found a faded altar of an unknown god.
   742 | D:1      | 742 ||| DROPPING amulet of magic regeneration.
   743 | D:1      | 743 ||| READING scroll labelled QAMAIT QINE.
   744 | D:1      | 744 ||| READING scroll labelled HACYR CI ROHA.
   745 | D:1      | 745 ||| DROPPING scroll of poison.
   830 | D:2      | Reached XP level 3. HP: 29/29 MP: 3/3
  1278 | D:2      | Reached skill level 4 in Ranged Weapons
  1458 | D:2      | 1458 ||| UPGRADING to +0 pair of gloves.
  1463 | D:2      | 1463 ||| READING scroll labelled OCOKLU KIUKYVI.
  1464 | D:2      | 1464 ||| READING scroll labelled LYPHODIV VEH.
  1465 | D:2      | 1465 ||| READING scroll labelled OVIAZO ZOUGYD.
  1466 | D:2      | 1466 ||| READING scroll labelled EDADOS VENAREO.
  1467 | D:2      | 1467 ||| READING 2 scrolls of identify.
  1467 | D:2      | 1467 ||| IDENTIFYING bubbling grey potion
  1468 | D:2      | 1468 ||| DROPPING potion of attraction.
  1605 | D:3      | Noticed Terence
  1610 | D:3      | Killed Terence
  1611 | D:3      | Reached XP level 4. HP: 31/36 MP: 4/4
  1780 | D:3      | Noticed Sigmund
  1793 | D:3      | HP: 8/36 [something (5)]
  1795 | D:3      | HP: 2/36 [frozen (2)]
  1796 | D:3      | Mangled by Sigmund

Levels and vault maps discovered:
D:1:      enne_arrival_octagon_isle, layout_loops_ring, basic_ecumenical_altar
D:2:      layout_loops_cross
D:3:      layout_basic, uniq_sigmund, uniq_terence, uniq_ijyb

Skill      XL: |  1  2  3 |
---------------+----------+-----
Ranged Weapons | 3 4 |  4.7
Fighting       | 2 |  2.0
Dodging        | |  2.1
Spellcasting   | |  1.0
Hexes          | |  2.0

Action                     |  1- 3 |  4- 6 || total
---------------------------+-------+-------++-------
   Fire: Sling             |   103 |    29 ||   132
    Use: Scroll            |     7 |       ||     7
 Armour: Robe              |     4 |     4 ||     8
  Dodge: Dodged            |    34 |    15 ||    49

Table legend:
 A = Non-vault XP
 B = Vault XP
 C = Vault XP percentage of total XP
 D = Non-vault monster count
 E = Vault monster count
 F = Vault count percentage of total count
                 A         B        C        D         E       F
            +---------+---------+-------+---------+---------+-------
      Total |      86 |      36 |  29.5 |      40 |       1 |   2.4
            +---------+---------+-------+---------+---------+-------
        D:1 |      34 |       0 |   0.0 |      17 |       0 |   0.0
        D:2 |      34 |       0 |   0.0 |      11 |       0 |   0.0
        D:3 |      18 |      36 |  66.7 |      12 |       1 |   7.7
            +---------+---------+-------+---------+---------+-------
